Map: Submarine LE

Players

Armani

  • Race: Zerg Zerg
  • Spawn Location: 5:00

Reynor - Winner!

  • Race: Zerg Zerg
  • Spawn Location: 11:00

Event: StayAtHomestory Cup #2

VOD

Have the link to the VOD?

Description

Time

  • Played on: June 11, 2020, 12:55 p.m.
  • Length: 9:03

All games in this series

Show
View Real Time Build Order
Export as new Build Order

Armani Zerg 

Build Orders: Pool First 

Get SALT Encoding   

  12  0:18  Spawning Pool  
  11  0:22  Drone  
  11  0:27  Drone  
  13  0:33  Drone  
  14  0:40  Overlord  
  14  1:06  Zergling x6  
  17  1:16  Queen  
  17  1:18  Zergling x2  
  20  1:31  Zergling x2  
  21  1:37  Hatchery  
  20  1:44  Zergling x2  
  21  1:52  Zergling x2  
  22  2:02  Overlord  
  21  2:20  Queen, Overlord  
  21  2:21  Drone  
  23  2:25  Drone  
  23  2:27  Drone  
  25  2:30  Drone  
  26  2:41  Drone  
  26  2:43  Drone  
  28  2:51  Drone  
  28  2:57  Drone  
  30  2:58  Queen  
  30  3:03  Drone  
  31  3:05  Drone  
  31  3:07  Drone  
  31  3:10  Drone  
  31  3:12  Drone  
  34  3:16  Drone  
  35  3:21  Overlord  
  35  3:24  Drone  
  35  3:26  Extractor  
  35  3:27  Extractor  
  35  3:30  Drone  
  35  3:32  Drone  
  36  3:34  Drone  
  36  3:37  Drone  
  36  3:40  Drone  
  39  3:47  Drone  
  39  3:48  Drone  
  41  3:49  Evolution Chamber  
  40  3:56  Drone  
  40  3:58  Drone  
  42  4:08  Drone x2  
  44  4:12  Hatchery  
  44  4:14  Drone x2  
  45  4:17  Drone  
  46  4:27  Zerg Missile Weapons Level 1  
  46  4:29  Roach Warren  
  46  4:31  Drone x2  
  47  4:38  Lair  
  47  4:39  Drone  
  47  4:40  Drone  
  47  4:41  Extractor  
  47  4:44  Overlord  
  48  4:46  Drone x2  
  50  4:53  Drone  
  50  4:57  Overlord  
  50  4:59  Overlord  
  51  5:12  Roach x4  
  59  5:19  Roach x2  
  63  5:22  Overlord  
  63  5:25  Drone  
  63  5:28  Roach x4  
  72  5:35  Overlord  
  72  5:36  Glial Reconstitution  
  72  5:38  Overseer  
  72  5:40  Roach x2  
  76  5:43  Roach  
  76  5:45  Roach  
  76  5:48  Roach  
  82  5:54  Queen  
  82  5:56  Roach x2  
  88  6:01  Evolution Chamber  
  87  6:10  Roach x5  
  93  6:19  Roach x2  
  93  6:20  Overlord  
  93  6:22  Overlord  
  97  6:32  Overlord  
  97  6:38  Queen  
  99  6:41  Roach x4  
  107  6:51  Roach x4  
  108  7:08  Drone x9  
  112  7:24  Extractor, Ravager  
  112  7:25  Ravager  
  112  7:26  Overseer  
  112  7:27  Drone x9  
  122  7:30  Extractor  
  122  7:31  Overlord  
  122  7:35  Overlord  
  122  7:36  Ravager  
  122  7:37  Overlord  
  122  7:45  Extractor, Overlord  
  122  7:46  Overlord  
  111  7:56  Roach  
  111  7:57  Roach x6  
  111  8:01  Roach x2  
  102  8:06  Roach x2  
  102  8:07  Zergling x8  
  102  8:12  Queen  
  110  8:15  Roach x2  
  101  8:21  Roach x3  
  92  8:29  Roach x3  
  95  8:34  Roach x3  
  95  8:36  Zergling x2  
  95  8:41  Roach x2  
Show
View Real Time Build Order
Export as new Build Order

Reynor Zerg - Winner!

Build Orders: Pool First 

Get SALT Encoding   

  12  0:17  Spawning Pool  
  11  0:22  Drone  
  11  0:26  Drone  
  13  0:30  Drone  
  14  0:39  Overlord  
  14  1:03  Zergling x2  
  14  1:04  Zergling x2  
  16  1:05  Zergling x2  
  17  1:16  Zergling x2  
  18  1:18  Hatchery  
  17  1:27  Zergling x2  
  18  1:33  Queen  
  18  1:37  Zergling x2  
  21  1:47  Overlord  
  21  1:54  Spine Crawler  
  21  1:58  Drone  
  20  2:09  Drone  
  21  2:17  Queen  
  24  2:23  Drone  
  25  2:30  Drone  
  25  2:33  Drone  
  27  2:41  Drone  
  27  2:42  Drone  
  29  2:45  Drone  
  29  2:48  Drone  
  31  2:56  Overlord  
  31  2:57  Drone  
  32  2:59  Drone  
  30  3:10  Drone x2  
  30  3:13  Queen  
  30  3:16  Drone  
  30  3:17  Drone  
  34  3:21  Extractor, Drone  
  34  3:23  Drone  
  34  3:26  Drone  
  36  3:29  Zergling x2  
  36  3:30  Zergling x2  
  38  3:36  Evolution Chamber, Drone  
  38  3:39  Overlord  
  38  3:51  Roach Warren  
  38  3:52  Evolution Chamber  
  36  3:59  Drone x3  
  36  4:00  Drone x2  
  41  4:04  Drone x2  
  41  4:05  Drone  
  44  4:10  Extractor  
  44  4:11  Drone  
  43  4:21  Overlord  
  43  4:27  Metabolic Boost  
  43  4:32  Overlord  
  43  4:39  Drone x2  
  43  4:40  Drone  
  43  4:41  Drone x3  
  43  4:43  Extractor  
  48  4:48  Zerg Missile Weapons Level 1  
  48  4:51  Zergling x4  
  50  4:53  Zergling x2  
  50  4:55  Zergling x2, Hatchery  
  50  4:57  Drone  
  52  5:00  Zergling x4  
  52  5:02  Zergling x2  
  52  5:05  Zergling x4  
  57  5:14  Overlord  
  57  5:15  Zergling x2  
  57  5:16  Zergling x2  
  57  5:18  Overlord  
  59  5:23  Overlord  
  59  5:26  Lair  
  59  5:34  Overlord  
  59  5:38  Zergling x6  
  59  5:39  Zergling x4  
  64  5:54  Roach x4  
  72  6:01  Roach x3  
  78  6:06  Roach x2  
  78  6:09  Drone  
  81  6:13  Drone x2  
  81  6:14  Drone x3  
  85  6:18  Overlord  
  85  6:23  Roach x2  
  89  6:26  Glial Reconstitution  
  89  6:29  Drone  
  90  6:34  Overlord  
  90  6:37  Roach x3  
  96  6:41  Roach  
  96  6:44  Overlord  
  97  6:50  Overlord  
  97  6:52  Spine Crawler  
  97  6:53  Roach x2, Ravager  
  97  6:54  Roach  
  103  6:55  Roach  
  101  7:05  Roach x4  
  101  7:06  Roach x2  
  106  7:09  Roach x2  
  106  7:14  Roach x2  
  110  7:17  Drone x3  
  110  7:19  Extractor  
  110  7:20  Roach x2  
  110  7:22  Ravager x2  
  119  7:27  Roach  
  119  7:28  Overlord  
  120  7:30  Roach  
  120  7:35  Overlord  
  120  7:42  Roach  
  122  7:44  Overlord  
  111  7:52  Roach x8  
  115  8:00  Roach x2  
  115  8:01  Roach  
  118  8:06  Roach x2  
  118  8:08  Roach  
  124  8:17  Roach x4  
  128  8:20  Roach  
  128  8:21  Roach, Zergling x2  
  128  8:23  Roach  
  125  8:29  Roach  
  125  8:32  Roach  
  127  8:34  Roach x3, Zergling x2  
  127  8:38  Roach  
  127  8:39  Roach, Zergling x2  
Tags
 
Add a new tag
Caveats
  • Supply blocks, unpowered buildings, or Contaminate may cause inaccurate times.
  • Supply counts are checked every 10 seconds.